 Dungeon Crawl Stone Soup version 0.16-a0-3667-g690a316 (webtiles) character file.

3745 MuadDib the Grappler (level 9, -2/69 HPs)
             Began as a Bearkin Berserker on July 18, 2015.
             Was a High Priest of Trog.
             Slain by an ogre
             ... wielding a +0 giant spiked club
              (18 damage)
             ... on level 8 of the Dungeon.
             The game lasted 00:26:26 (8797 turns).

MuadDib the Grappler (Bearkin Berserker)            Turns: 8797, Time: 00:26:27

Health: -2/69      AC:  6    Str: 26    XL:     9   Next: 93%
Magic:  9/9        EV: 12    Int:  6    God:    Trog [*****.]
Gold:   463        SH:  0    Dex: 10    Spells: 0 memorised, 8 levels left

rFire  . . .     SeeInvis .       - Unarmed
rCold  . . .     Clarity  .     b - +0 animal skin
rNeg   . . .     SustAb   .     (no shield)
rPois  +         Gourm    .     (no helmet)
rElec  .         Spirit   .     n - +1 cloak {rPois} (curse)
rCorr  .         Warding  .     (no gloves)
rMut   .         Stasis   .     (no boots)
MR     .....                    (no amulet)
Stlth  ++........               (no ring)
                                (no ring)

@: not resistant to hostile enchantments, unstealthy
A: claws 2, fangs 1, robust 1, shaggy fur 2, hind claws 1, cornered berserk
a: Cornered Berserk, Burn Spellbooks, Berserk, Trog's Hand, Brothers in Arms,
Renounce Religion


You were on level 8 of the Dungeon.
You worshipped Trog.
Trog was extremely pleased with you.
You were not hungry.

You visited 1 branch of the dungeon, and saw 8 of its levels.

You collected 463 gold pieces.

Inventory:

Armour
 b - a +0 animal skin (worn)
 n - a cursed +1 cloak of poison resistance (worn)
Jewellery
 C - an uncursed ring of protection from cold {unknown}
Magical devices
 v - a wand of polymorph (8)
 z - a wand of digging (15)
 A - a wand of confusion (23)
 B - a wand of fireball (4)
Scrolls
 c - 2 scrolls of immolation {unknown}
 g - 5 scrolls of enchant armour {unknown}
 h - 4 scrolls of identify {unknown}
 j - 2 scrolls of teleportation {unknown}
 k - 3 scrolls of blinking {unknown}
 l - a scroll of fear {unknown}
 m - 4 scrolls of recharging {unknown}
 p - a scroll of fog {unknown}
 q - 2 scrolls of random uselessness {unknown}
 r - 2 scrolls of remove curse {unknown}
 t - 2 scrolls of enchant weapon {unknown}
 y - 3 scrolls of amnesia {unknown}
Potions
 a - a potion of agility {unknown}
 d - 2 potions of invisibility {unknown}
 e - 2 potions of might {unknown}
 f - 2 potions of flight {unknown}
 o - 4 potions of heal wounds {unknown}
 s - a potion of curing {unknown}
 u - 3 potions of brilliance {unknown}
 x - 2 potions of poison {unknown}
 E - a potion of cure mutation {unknown}
Comestibles
 i - a beef jerky
 w - a bread ration
 D - a meat ration


   Skills:
 - Level 3.0 Fighting
 - Level 1.2 Armour
 - Level 1.5 Dodging
 - Level 3.8 Stealth
 + Level 13.4 Unarmed Combat


You had 8 spell levels left.
You didn't know any spells.

Dungeon Overview and Level Annotations

Branches:
Dungeon (8/15)             Temple (0/1) D:7
   Lair: D:8-11

Altars:
Ashenzari
Kikubaaqudgha
Ru
Sif Muna
Trog
Vehumet
The Shining One

Shops:
D:5 (


Innate Abilities, Weirdness & Mutations

You have very sharp fingernails.
You have very sharp teeth.
You are robust (+10% HP).
You are covered in thick fur (AC +2).
Your hind legs have claws.
You can berserk when greatly wounded.


Message History

The centaur hits you.
You claw the centaur!
The centaur begins to bleed from its wounds!
You claw the centaur, but do no damage. You claw the centaur.
The centaur is heavily wounded.
The centaur misses you. The centaur closely misses you.
You mangle the centaur!!
You kill the centaur!
Trog accepts your kill.
The ogre hits you with a giant spiked club!!
* * * LOW HITPOINT WARNING * * *
Things that are here:
an uncursed shortbow; 18 arrows; 22 gold pieces You barely miss the ogre.
Your bite misses the ogre. You claw the ogre!
The ogre begins to bleed from its wounds!
Your hind claws misses the ogre.
The ogre is heavily wounded.
The ogre hits you with a giant spiked club!!
You die...

# #........ #.
###.#.#####
#.######...#...# ##
#.#...[.....).#
##.###..####......#
#....##(####.###).###
#...#(.##...###..##.
#......##....##.....
##.@#......_......#.
#.O##..##....##....
#..##..###...##....
#..#...###.####...#
#..#.......####)).#
##.#..........)....
#.#.###..........#
#.#. #.####.....#
#.#. #.# #######


You could see an ogre (bleeding).

Vanquished Creatures
  Pikel (D:4)
  Grinder (D:5)
  The ghost of fapguy the Ruffian, an average BeTm (D:4)
  A hippogriff (D:7)
  Menkaure (D:4)
  A water moccasin (D:6)
  2 ice beasts (D:7)
  2 sky beasts
  4 ogres
  A necrophage (D:6)
  The ghost of HANFGEIST the Skirmisher, an average BeBe of Trog (D:3)
  A centaur (D:8)
  An orc warrior (D:6)
  A big kobold (D:7)
  4 giant frogs
  3 scorpions
  3 wights (D:7)
  A crimson imp (D:8)
  A goliath beetle (D:7)
  2 hounds
  4 jellies
  4 orc wizards
  Crazy Yiuf (D:2)
  An orc priest (D:5)
  2 worker ants
  2 worker ant zombies
  12 gnolls
  9 adders
  3 shadow imps
  A giant mite (D:5)
  2 worms
  2 adder skeletons
  An adder zombie (D:7)
  7 giant geckos
  13 orcs
  A ball python (D:5)
  17 bats
  6 giant cockroaches
  16 hobgoblins
  2 jackals (D:1)
  21 kobolds
  4 quokkas
  2 giant newts
  14 goblins
  A quokka skeleton (D:8)
  20 rats
201 creatures vanquished.

Notes
Turn   | Place    | Note
--------------------------------------------------------------
     0 | D:1      | MuadDib, the Bearkin Berserker, began the quest for the Orb.
     0 | D:1      | Reached XP level 1. HP: 18/18 MP: 1/1
   139 | D:1      | Reached XP level 2. HP: 13/24 MP: 2/2
   516 | D:1      | Acquired Trog's second power
   574 | D:1      | Reached skill level 4 in Unarmed Combat
   890 | D:1      | Reached XP level 3. HP: 29/29 MP: 3/3
  1366 | D:2      | Found a radiant altar of Vehumet.
  1453 | D:2      | Reached skill level 5 in Unarmed Combat
  1453 | D:2      | Gained mutation: You have very sharp fingernails. [bearkin transformation]
  1453 | D:2      | Reached XP level 4. HP: 24/35 MP: 4/4
  1882 | D:2      | Noticed Crazy Yiuf
  1887 | D:2      | HP: 2/52 [Crazy Yiuf/quarterstaff of chaos (1)]
  1890 | D:2      | Killed Crazy Yiuf
  1890 | D:2      | Reached XP level 5. HP: 3/41 MP: 5/5
  2307 | D:3      | Noticed HANFGEIST's ghost (average BeBe)
  2335 | D:2      | Reached skill level 6 in Unarmed Combat
  2654 | D:3      | Killed HANFGEIST's ghost
  2664 | D:3      | Gained mutation: You are covered in thick fur (AC +2). [bearkin transformation]
  2664 | D:3      | Reached XP level 6. HP: 47/47 MP: 6/6
  2880 | D:3      | Reached skill level 7 in Unarmed Combat
  3163 | D:3      | Found a glowing golden altar of the Shining One.
  3360 | D:4      | Noticed fapguy's ghost (average BeTm)
  3393 | D:4      | Killed fapguy's ghost
  3393 | D:4      | Reached skill level 8 in Unarmed Combat
  3393 | D:4      | Reached XP level 7. HP: 50/52 MP: 7/7
  3564 | D:4      | Noticed Menkaure
  3580 | D:4      | Killed Menkaure
  4182 | D:4      | Acquired Trog's third power
  4359 | D:4      | Noticed Pikel
  4376 | D:4      | Killed Pikel
  4376 | D:4      | Reached skill level 1 in Stealth
  4376 | D:4      | Reached skill level 10 in Unarmed Combat
  4376 | D:4      | Gained mutation: You have very sharp teeth. [bearkin transformation]
  4376 | D:4      | Reached XP level 8. HP: 31/58 MP: 8/8
  4835 | D:5      | Entered Level 5 of the Dungeon
  4854 | D:5      | Found an ancient bone altar of Kikubaaqudgha.
  5256 | D:5      | Noticed Grinder
  5257 | D:5      | Paralysed by Grinder for 5 turns
  5267 | D:5      | Paralysed by Grinder for 6 turns
  5281 | D:5      | Killed Grinder
  5281 | D:5      | Reached skill level 11 in Unarmed Combat
  5541 | D:5      | Found Brienligh's Antique Weapon Boutique.
  5598 | D:5      | Found a deep blue altar of Sif Muna.
  5852 | D:6      | Gained mutation: You are robust (+10% HP). [bearkin transformation]
  5852 | D:6      | Reached XP level 9. HP: 27/69 MP: 9/9
  6646 | D:7      | Reached skill level 12 in Unarmed Combat
  6652 | D:7      | Found a sacrificial altar of Ru.
  6968 | D:7      | Found a staircase to the Ecumenical Temple.
  7884 | D:7      | Reached skill level 13 in Unarmed Combat
  8139 | D:7      | Found a bloodstained altar of Trog.
  8553 | D:8      | Found a shattered altar of Ashenzari.
  8797 | D:8      | Slain by an ogre

Action                   |  1- 3 |  4- 6 |  7- 9 || total
-------------------------+-------+-------+-------++-------
Melee: Unarmed           |   128 |   115 |   377 ||   620
Invok: Berserk           |     1 |     5 |     2 ||     8
 Stab: Sleeping          |       |       |     2 ||     2
       Distracted        |       |       |     2 ||     2
  Eat: Bread ration      |     1 |     1 |     2 ||     4
       Meat ration       |       |     1 |       ||     1
       Beef jerky        |       |       |     4 ||     4
       Fruit             |       |       |     2 ||     2
       Pizza             |       |       |     2 ||     2
